 Dungeon Crawl Stone Soup version 0.19-a0-1401-g902f63d (webtiles) character file.

59 Hedron the Magician (level 4, -6/33 HPs)
             Began as a Hill Orc Wizard on Sept 4, 2016.
             Mangled by Sigmund
             ... wielding a +0 scythe
              (7 damage)
             ... on level 2 of the Dungeon.
             The game lasted 00:06:11 (2182 turns).

Hedron the Magician (Hill Orc Wizard)               Turns: 2182, Time: 00:06:11

Health: -6/33      AC:  2    Str:  9    XL:     4   Next: 3%
Magic:  1/9        EV: 12    Int: 19    God:
Gold:   79         SH:  0    Dex:  9    Spells: 4 memorised, 3 levels left

rFire  . . .     SeeInvis .     l - +0 mace
rCold  . . .     Gourm    .     a - +0 robe
rNeg   . . .     Faith    .     (no shield)
rPois  .         Spirit   .     b - +0 hat
rElec  .         Dismiss  .     (no cloak)
rCorr  .         Reflect  .     (no gloves)
MR     .....     Harm     .     (no boots)
Stlth  ++........               (no amulet)
                                (no ring)
                                (no ring)

@: very slightly contaminated, repel missiles
A: no striking features
a: no special abilities


You were on level 2 of the Dungeon.
You were not hungry.

You visited 1 branch of the dungeon, and saw 2 of its levels.

You collected 79 gold pieces.

Inventory:

Hand Weapons
 l - a +0 mace (weapon)
Armour
 a - a +0 robe (worn)
 b - a +0 hat (worn)
Scrolls
 k - a scroll of fog
Potions
 m - a potion of degeneration {unknown}
 n - a potion of mutation {unknown}
Books
 c - a book of Minor Magic

   Spells                             Type                      Level
   a - Magic Dart                     Conjuration                  1
   b - Blink                          Translocation                2
   c - Call Imp                       Summoning                    2
   d - Repel Missiles                 Charms/Air                   2
   e - Slow                           Hexes                        2
   f - Conjure Flame                  Conjuration/Fire             3
   g - Mephitic Cloud                 Conjuration/Poison/Air       3
Comestibles
 d - 2 bread rations


   Skills:
 - Level 1.5 Dodging
 - Level 1.5 Stealth
 + Level 3.5 Spellcasting
 + Level 1.7 Conjurations
 - Level 1.0 Summonings
 - Level 0.7 Translocations


You had 3 spell levels left.
You knew the following spells:

 Your Spells              Type           Power        Failure   Level  Hunger
a - Magic Dart            Conj           #...         10%         1    None
b - Call Imp              Summ           #.......     17%         2    ##.....
c - Blink                 Tloc           N/A          17%         2    ##.....
d - Repel Missiles        Chrm/Air       #.....       24%         2    ##.....


Dungeon Overview and Level Annotations

Branches:
Dungeon (2/15)

Altars:

Annotations:
D:2 Sigmund


Message History

Sigmund is heavily wounded.
Sigmund hits you with a scythe.
* * * LOW HITPOINT WARNING * * *
Your crimson imp hits Sigmund.
You barely miss Sigmund.
Sigmund is severely wounded.
Your crimson imp hits Sigmund.
Sigmund gestures wildly while chanting.
Sigmund flickers and vanishes!
You closely miss something.
Your crimson imp hits something.
Something hits you but does no damage.
Your crimson imp hits something.
You barely miss something. Something hits you.
* * * LOW HITPOINT WARNING * * *
Your crimson imp barely misses something.
You miss something.
Your crimson imp disappears in a puff of smoke!
Something hits you.
* * * LOW HITPOINT WARNING * * *
You barely miss something. Something hits you!
You die...

### #. ..# #.##
#.# ..# #.#
#.##.# #.#
##.##[### #@#
........# #{# #
#.##.#.###ยง#
#.##.##..#.##.#
#.......###.#.#
# ####.#.##
##..#.#####
#...##
##<.......
#####..#.##
#.........
#.........#
#.##.######


There were no monsters in sight!

Vanquished Creatures
  Ijyb (D:1)
  A dart slug (D:1)
  3 giant geckos (D:1)
  4 giant cockroaches
  5 goblins (D:1)
  2 hobgoblins (D:1)
  4 bats (D:1)
  2 giant newts (D:1)
  3 kobolds (D:1)
  5 rats
30 creatures vanquished.

Notes
Turn   | Place    | Note
-------+----------+-------------------------------------------
     0 | D:1      | Hedron the Hill Orc Wizard began the quest for the Orb.
     0 | D:1      | Reached XP level 1. HP: 14/14 MP: 3/3
   210 | D:1      | Reached XP level 2. HP: 20/20 MP: 2/5
   326 | D:1      | Learned a level 2 spell: Call Imp
   329 | D:1      | Learned a level 2 spell: Blink
   487 | D:1      | Reached skill level 3 in Spellcasting
   736 | D:1      | Learned a level 2 spell: Repel Missiles
  1333 | D:1      | Reached XP level 3. HP: 26/26 MP: 2/7
  1987 | D:2      | Noticed Ijyb
  1992 | D:2      | Noticed Sigmund
  2021 | D:1      | Killed Ijyb
  2021 | D:1      | Reached XP level 4. HP: 24/33 MP: 0/9
  2181 | D:2      | HP: 1/33 [something (5)]
  2182 | D:2      | Mangled by Sigmund

Vault maps used:
D:1:      co_arrival_random_square_maze
D:2:      gammafunk_temple_overflow_forgotten, uniq_natasha, uniq_iyjb,
          uniq_sigmund

Skill      XL: |  1  2 |
---------------+-------+-----
Spellcasting   | 3 |  3.5
Dodging        | |  1.5
Stealth        | |  1.5
Conjurations   | |  1.7
Summonings     | |  1.0
Translocations | |  0.7

Action                   |  1- 3 |  4- 6 || total
-------------------------+-------+-------++-------
Melee: Club              |    39 |       ||    39
       Mace              |    15 |     9 ||    24
 Cast: Magic Dart        |    67 |     5 ||    72
       Call Imp          |     2 |     1 ||     3
       Repel Missiles    |     1 |       ||     1
       Blink             |       |     1 ||     1
  Use: Scroll            |     5 |       ||     5
       Potion            |     2 |       ||     2
  Eat: Chunk             |     3 |     2 ||     5
Armor: Robe              |    13 |     1 ||    14
Dodge: Dodged            |    49 |     4 ||    53
